 Dungeon Sprint DCSS version 0.30.1-4-g462c640d31 (webtiles) character file.

Game seed: 17092247496860987757

27304 Heoruswealwe the Ninja (level 13, -22/74 HPs)
             Began as a Spriggan Artificer on Aug 31, 2023.
             Was an Initiate of Gozag.
             Killed from afar by Lom Lobon (46 damage)
             ... with a great icy blast
             ... in the Dungeon (Sprint I: "Red Sonja").
             The game lasted 01:18:07 (3657 turns).

Heoruswealwe the Ninja (Spriggan Artificer)         Turns: 3657, Time: 01:18:09

Health: -22/74     AC:  6    Str: 11    XL:     13   Next: 3%
Magic:  14/14      EV: 32    Int: 19    God:    Gozag
Gold:   841        SH:  0    Dex: 20    Spells: 12/12 levels left

rFire   + + +        a - +9 rapier (drain)
rCold   + + .        (no shield)
rNeg    + + .        c - +2 robe {rC+ rF+}
rPois   +            g - +2 hat
rElec   +            (no cloak)
rCorr   +            (gloves unavailable)
SInv    +            (boots unavailable)
Will    +++..        i - amulet "Yteots Xuiq" {Acrobat rN++ Will+ SInv}
Stlth   ++++++++++   k - ring "Gubyusoc" {Contam rElec rF+ Str+3 Int+6}
HPRegen 0.32/turn    u - ring of flight
MPRegen 0.14/turn

%: no teleportation, acrobat
@: resistant, flying, hasted, very quick
A: very small, no large weapons, unfitting armour, see invisible, speed 3
a: Renounce Religion, Potion Petition, Call Merchant, Bribe Branch


You were in the Dungeon.
You worshipped Gozag.
Gozag was pleased with you.
You visited 1 branch You collected 10774 gold pieces.
You spent 7279 gold pieces at shops.
You donated 30 gold pieces to Zin.
You paid 2624 gold pieces to Gozag.

Inventory:

Hand Weapons
 a - a +9 rapier of draining (weapon)
Armour
 c - a +2 robe of resistance (worn)
 g - a +2 hat (worn)
Jewellery
 i - the amulet "Yteots Xuiq" (around neck) {Acrobat rN++ Will+ SInv}
   (You bought it in a shop in the Dungeon)

   [amulet of the acrobat]

   It increases your evasion while moving and waiting.
   rN:        It greatly protects you from negative energy.
   SInv:      It lets you see invisible.
   Will:      It increases your willpower.
 j - a ring of poison resistance
 k - the ring "Gubyusoc" (left hand) {Contam rElec rF+ Str+3 Int+6}
   (You bought it in a shop in the Dungeon)

   [ring of intelligence]

   Str:       It affects your strength (+3).
   Int:       It affects your intelligence (+6).
   rF:        It protects you from fire.
   rElec:     It insulates you from electricity.
   Contam:    It causes magical contamination when unequipped.
 o - the ring "Ottenk" {rN+ rCorr Int+6 Dex-3 Slay+2}
   (You found it in the Dungeon)

   [ring of intelligence]

   Int:       It affects your intelligence (+6).
   Dex:       It affects your dexterity (-3).
   Slay:      It affects your accuracy & damage with ranged weapons and melee
   (+2).
   rN:        It protects you from negative energy.
   rCorr:     It protects you from acid and corrosion.
 u - a ring of flight (right hand)
Wands
 d - a wand of charming (12)
 x - a wand of polymorph (6)
Scrolls
 n - a scroll of enchant armour
 t - 4 scrolls of blinking
 y - 2 scrolls of enchant weapon
Potions
 f - 4 potions of curing
 p - a potion of ambrosia
 q - a potion of might
 r - 3 potions of mutation
 s - a potion of cancellation
 v - a potion of resistance
Miscellaneous
 e - a tin of tremorstones (1/2)
 l - a lightning rod (inert)
 m - a phantom mirror (inert)


   Skills:
 + Level 11.8 Fighting
 + Level 15.0 Short Blades
 + Level 17.0 Dodging
 O Level 27 Stealth
 * Level 23.7 Evocations


You had 12 spell levels left.
You didn't know any spells.
Your spell library contained the following spells:

 Spells                   Type           Power      Damage    Failure   Level
 Foxfire                  Conj/Fire      0%         2x1d4     21%         1
 Blink                    Tloc           0%         N/A       30%         2
 Lesser Beckoning         Tloc           0%         N/A       30%         2
 Momentum Strike          Conj/Tloc      0%         3d8       30%         2
 Wereblood                Tmut           0%         N/A       30%         2
 Fireball                 Conj/Fire      0%         3d3       99%         5
 Yara's Violent Unravell  Hex/Tmut       0%         3d3       99%         5
 Eringya's Noxious Bog    Tmut/Pois      0%         N/A       100%        6
 Plasma Beam              Fire/Air       0%         2x1d11    100%        6
 Starburst                Conj/Fire      0%         6d3       100%        6
 Dragon Form              Tmut           0%         N/A       100%        7
 Chain Lightning          Conj/Air       0%         N/A       100%        9
 Fire Storm               Conj/Fire      0%         5d1       100%        9
 Shatter                  Erth           0%         3d5*      100%        9


Dungeon Overview and Level Annotations

Branches:
Dungeon (1/1)

Altars:
Cheibriados
Dithmenos
Elyvilon
Fedhas
Gozag
Hepliaklqana
Kikubaaqudgha
Makhleb
Nemelex Xobeh
Okawaru
Qazlal
Ru
Sif Muna
Trog
Uskayaw
Vehumet
Wu Jian
Xom
Yredelemnul
Zin
The Shining One
Jiyva
Lugonu

Shops:
D ?*[(*((:=(?=!**:?:[=*([(!

Annotations:
D Lom Lobon, Tiamat


Innate Abilities, Weirdness & Mutations

You are very small and have problems with some larger weapons.
You are too small for most types of armour.
You have supernaturally acute eyesight. (SInv)
You cover ground extremely quickly. (Speed+++)


Message History

The ball lightning completely resists.
Lom Lobon falters for a moment.
You feel better.
The ball lightning explodes!
The blast of lightning engulfs the ball lightning.
The ball lightning completely resists.
The blast of lightning engulfs you. You resist.
The blast of lightning engulfs Lom Lobon.
Lom Lobon completely resists.
The ball lightning explodes!
The blast of lightning engulfs you! You resist.
* * * LOW HITPOINT WARNING * * *
The blast of lightning engulfs Lom Lobon.
Lom Lobon completely resists.
Lom Lobon gestures.
Lom Lobon blinks!
There is an open door here.
You see here a +3 rapier of draining.
You feel better.
You feel better.
You feel better.
You feel better.
You feel yourself speed up.
You feel better.
You feel better.
There is an open door here.
The tremorstone explodes into fragments!
The burst of rock shards engulfs Lom Lobon but does no damage.
The burst of rock shards engulfs you!!
The burst of rock shards engulfs Lom Lobon!
The burst of rock shards engulfs Lom Lobon.
The burst of rock shards engulfs Lom Lobon!
The burst of rock shards engulfs you!
The burst of rock shards engulfs Lom Lobon.
The burst of rock shards engulfs you! Lom Lobon gestures at you.
Lom Lobon conjures a mighty blast of ice!
The great icy blast engulfs you!!! You partially resist.
Ouch! That really hurt!
You die...
Your body crumbles into a pile of gold.

.)..)...###,,^,#~~~~~########..$$
....#####§§,,####~~~~#~~~°○#..°.$
)..##,,°.§§,^#..#'~~~'~~.○☼'°○.,$
..##,,,^^.§°,#...##~~#~~~~○#~~~,,
..#,,,,.○○°§,#....######○#####~~~
###****°°○○°§#....#~~≈≈○≈≈≈≈≈#*~~
≈d≈≈≈.*°^○○○^#######~~~~≈≈≈≈≈≈≈≈~
######*.°○○°○'&§#).'...~~~~~~~#≈~
..+,,,§.°&$§§#.§@.)#...$$$$$~~~#~
###****#####*###################*


You could see Lom Lobon (gusty).

Vanquished Creatures
  A golden dragon (D)
  A shadow dragon (D)
  2 fire giants (D)
  A deep elf annihilator (D)
  A lorocyproca (D)
  A mummy priest (D)
  A hydra (D)
  2 centaur warriors (D)
  Sonja (D)
  A deep troll (D)
  A lindwurm (D)
  2 oklob plants (D)
  8 shining eyes (D)
  2 demonic crawlers (D)
  2 gargoyles (D)
  7 unseen horrors (D)
  2 kobold demonologists (D)
  A hellwing (D)
  4 hornets (D)
  A slime creature (D)
  Sigmund (D)
  A yak (D)
  13 hogs (D)
  2 redbacks (D)
  7 floating eyes (D)
  An ogre (D)
  7 necrophages (D)
  8 jellies (D)
  Ijyb (D)
  2 ballistomycete spores (D)
85 creatures vanquished.

Vanquished Creatures (collateral kills)
  the Lernaean hydra (D)
  2 fire giants (D)
  2 demonic crawlers (D)
  2 merfolk sirens (D)
  A ball lightning (D)
8 creatures vanquished.

Vanquished Creatures (others)
  A deep elf master archer (D)
  A hornet (D)
  12 ball lightnings (D)
14 creatures vanquished.

Grand Total: 107 creatures vanquished

Notes
Turn   | Place    | Note
-------+----------+-------------------------------------------
     0 | D        | Heoruswealwe the Spriggan Artificer began the quest for the
                  | Orb.
     0 | D        | Reached XP level 1. HP: 9/9 MP: 2/2
     1 | D        | Noticed Ijyb
     4 | D        | Killed Ijyb
     5 | D        | Reached skill level 9 in Stealth
     5 | D        | Reached XP level 2. HP: 14/14 MP: 3/3
    14 | D        | Noticed an ogre
    17 | D        | Killed an ogre
    18 | D        | Reached skill level 14 in Stealth
    18 | D        | Reached XP level 3. HP: 17/17 MP: 4/4
    18 | D        | Reached XP level 4. HP: 21/21 MP: 5/5
    26 | D        | Noticed Sigmund
    29 | D        | Killed Sigmund
    30 | D        | Reached skill level 18 in Stealth
    30 | D        | Reached XP level 5. HP: 25/25 MP: 6/6
    30 | D        | Reached XP level 6. HP: 29/29 MP: 7/7
    42 | D        | Found an ornate altar of the Wu Jian Council.
    42 | D        | Found a shimmering blue altar of Sif Muna.
    44 | D        | Found a radiant altar of Vehumet.
    49 | D        | Reached skill level 19 in Stealth
    78 | D        | Found Arecky's Antique Weapon Emporium.
    78 | D        | Found an ancient bone altar of Kikubaaqudgha.
    78 | D        | Found a hazy altar of Hepliaklqana.
    78 | D        | Found a stormy altar of Qazlal.
    78 | D        | Found a hide-covered altar of Uskayaw.
    78 | D        | Found a blossoming altar of Fedhas.
    78 | D        | Found a bloodstained altar of Trog.
    78 | D        | Found an iron altar of Okawaru.
    78 | D        | Found a basalt altar of Yredelemnul.
    78 | D        | Found a glowing golden altar of the Shining One.
    78 | D        | Found a snail-covered altar of Cheibriados.
    78 | D        | Found a sacrificial altar of Ru.
    78 | D        | Found a glowing silver altar of Zin.
    78 | D        | Found a shadowy altar of Dithmenos.
    78 | D        | Found a white marble altar of Elyvilon.
    78 | D        | Noticed a yak
    79 | D        | Found an opulent altar of Gozag.
    80 | D        | Killed a yak
    81 | D        | Reached skill level 21 in Stealth
    81 | D        | Found a sparkling altar of Nemelex Xobeh.
    86 | D        | Became a worshipper of Zin the Law-Giver
    86 | D        | Reached * piety under Zin
    86 | D        | Reached ** piety under Zin
    86 | D        | Reached *** piety under Zin
    86 | D        | Reached **** piety under Zin
    86 | D        | Reached ***** piety under Zin
    86 | D        | Reached ****** piety under Zin
    95 | D        | Noticed Sonja
    99 | D        | Killed Sonja
   100 | D        | Reached skill level 25 in Stealth
   100 | D        | Reached XP level 7. HP: 32/32 MP: 8/8
   116 | D        | Found Ebaompo's Magic Scroll Boutique.
   126 | D        | Noticed a shining eye
   126 | D        | Noticed a shining eye
   126 | D        | Noticed a shining eye
   126 | D        | Noticed a shining eye
   126 | D        | Noticed a shining eye
   126 | D        | Noticed a shining eye
   129 | D        | Reached XP level 8. HP: 37/37 MP: 9/9
   129 | D        | Noticed a shining eye
   129 | D        | Noticed a shining eye
   135 | D        | Reached skill level 26 in Stealth
   138 | D        | Reached skill level 1 in Fighting
   138 | D        | Reached skill level 1 in Short Blades
   140 | D        | Killed a shining eye
   143 | D        | Killed a shining eye
   144 | D        | Reached skill level 5 in Short Blades
   144 | D        | Reached skill level 27 in Stealth
   144 | D        | Reached XP level 9. HP: 45/45 MP: 10/10
   149 | D        | Killed a shining eye
   152 | D        | Killed a shining eye
   153 | D        | Reached skill level 5 in Fighting
   153 | D        | Reached skill level 5 in Dodging
   153 | D        | Reached skill level 10 in Evocations
   177 | D        | Killed a shining eye
   185 | D        | Killed a shining eye
   188 | D        | Killed a shining eye
   189 | D        | Reached XP level 10. HP: 53/53 MP: 11/11
   197 | D        | Killed a shining eye
   217 | D        | Fell from the grace of Zin
   217 | D        | Became a worshipper of Gozag Ym Sagoz the Greedy
   220 | D        | Bought a runed rapier for 161 gold pieces
   272 | D        | Noticed a deep troll
   276 | D        | Killed a deep troll
   287 | D        | Found Wumnoar's Armour Emporium.
   308 | D        | Noticed a centaur warrior
   310 | D        | Noticed a centaur warrior
   312 | D        | Killed a centaur warrior
   314 | D        | Killed a centaur warrior
   351 | D        | Noticed an oklob plant
   353 | D        | Killed an oklob plant
   354 | D        | Reached skill level 10 in Dodging
   354 | D        | Reached skill level 15 in Evocations
   399 | D        | Reached skill level 10 in Short Blades
   496 | D        | Reached XP level 11. HP: 60/60 MP: 12/12
   698 | D        | Found Kiclajil's Book Shoppe.
   698 | D        | Found Keycvili's Antique Weapon Shop.
   698 | D        | Found Wiymam's Jewellery Boutique.
   704 | D        | Found Vifru's Assorted Antiques.
   704 | D        | Found Bael's Weapon Emporium.
   704 | D        | Found Qutout's Weapon Emporium.
   706 | D        | Found Ratequiz's Jewellery Boutique.
   706 | D        | Found Nowish's Armour Shoppe.
   706 | D        | Found Taiw's Book Shop.
   706 | D        | Found Caor's Book Emporium.
   706 | D        | Found Zimn's Distillery.
   706 | D        | Found Feraubu's Jewellery Shoppe.
   706 | D        | Found Daixel's Magic Scroll Shop.
   709 | D        | Bought a scroll labelled BUCZAKE KOMAIZ for 28 gold pieces
   709 | D        | Bought a brass ring for 140 gold pieces
   709 | D        | Bought a scroll labelled WUFARU TUANU for 28 gold pieces
   710 | D        | Found Haentu Gyax's Antique Weapon Emporium.
   715 | D        | Bought a potion of mutation for 104 gold pieces
   721 | D        | Bought a runed rapier for 161 gold pieces
   739 | D        | Bought a scroll of identify for 20 gold pieces
   739 | D        | Bought a scroll of identify for 20 gold pieces
   820 | D        | Found Bimpiug's General Store.
   820 | D        | Found Zytuvvor's General Store.
   820 | D        | Found Anemizoe's Weapon Boutique.
   820 | D        | Found Acwupso's Armour Emporium.
   836 | D        | Bought 2 scrolls of enchant weapon for 180 gold pieces
   890 | D        | Bought a scroll of blinking for 90 gold pieces
   892 | D        | Bought a scroll of magic mapping for 90 gold pieces
   906 | D        | Bought a potion of curing for 36 gold pieces
   906 | D        | Bought 2 potions of curing for 72 gold pieces
   906 | D        | Bought a scroll of enchant armour for 90 gold pieces
   906 | D        | Bought a potion of cancellation for 96 gold pieces
   906 | D        | Bought a scroll of enchant armour for 90 gold pieces
   906 | D        | Bought a phantom mirror for 480 gold pieces
   917 | D        | Bought a potion of curing for 36 gold pieces
   917 | D        | Bought a potion of curing for 36 gold pieces
   917 | D        | Bought a potion of haste for 120 gold pieces
   917 | D        | Bought a potion of resistance for 120 gold pieces
   964 | D        | Found a burning altar of Makhleb.
   964 | D        | Found a viscous altar of Jiyva.
   964 | D        | Found a shimmering altar of Xom.
   964 | D        | Found a corrupted altar of Lugonu.
   984 | D        | Paralysed by a floating eye for 3 turns
  1134 | D        | Bought a potion of curing for 84 gold pieces
  1137 | D        | Bought a +0 hat for 56 gold pieces
  1137 | D        | Bought a +2 robe of resistance for 527 gold pieces
  1140 | D        | Bought a potion of curing for 39 gold pieces
  1140 | D        | Bought a potion of curing for 39 gold pieces
  1140 | D        | Bought a potion of resistance for 130 gold pieces
  1140 | D        | Bought a potion of haste for 130 gold pieces
  1140 | D        | Bought a potion of resistance for 130 gold pieces
  1140 | D        | Bought a potion of curing for 39 gold pieces
  1142 | D        | Bought a scroll of enchant weapon for 75 gold pieces
  1203 | D        | Bought a scroll of fog for 40 gold pieces
  1483 | D        | Noticed a lindwurm
  1485 | D        | Killed a lindwurm
  1609 | D        | Noticed a 12-headed hydra
  1611 | D        | Killed a 12-headed hydra
  1691 | D        | Noticed a shadow dragon
  1691 | D        | Noticed a golden dragon
  1692 | D        | Identified the +5 ring mail of Riank {rF- rN+ Dex+4 SInv}
  1693 | D        | Killed a golden dragon
  1694 | D        | Killed a shadow dragon
  1695 | D        | Reached skill level 10 in Fighting
  1695 | D        | Reached XP level 12. HP: 67/67 MP: 13/13
  1767 | D        | Found Astrypn's Distillery.
  1786 | D        | Bought a potion of mutation for 112 gold pieces
  1786 | D        | Bought a potion of curing for 42 gold pieces
  1786 | D        | Bought a potion of heal wounds for 70 gold pieces
  1786 | D        | Bought a potion of heal wounds for 70 gold pieces
  1786 | D        | Bought a potion of might for 56 gold pieces
  2012 | D        | Bought the amulet "Yteots Xuiq" {Acrobat rN++ Will+ SInv}
                  | for 573 gold pieces
  2012 | D        | Bought the ring "Gubyusoc" {Contam rElec rF+ Str+3 Int+6}
                  | for 577 gold pieces
  2031 | D        | Bought a ring of flight for 192 gold pieces
  2036 | D        | Bought a ring of poison resistance for 200 gold pieces
  2047 | D        | Bought a wand of paralysis (3) for 280 gold pieces
  2047 | D        | Bought a silver wand for 156 gold pieces
  2047 | D        | Bought a brass wand for 156 gold pieces
  2047 | D        | Bought a scroll labelled KEXZI OLUGYIT for 39 gold pieces
  2160 | D        | Noticed a lorocyproca
  2167 | D        | Killed a lorocyproca
  2380 | D        | Noticed a daeva
  2539 | D        | Got the Octavo of Therianthropy and the Gift
  2678 | D        | Noticed a fire giant
  2681 | D        | Noticed a fire giant
  2682 | D        | Noticed a fire giant
  2683 | D        | Noticed a fire giant
  2685 | D        | Killed a fire giant
  2686 | D        | Reached skill level 15 in Dodging
  2693 | D        | Killed a fire giant
  2694 | D        | Killed a fire giant
  2697 | D        | Killed a fire giant
  2706 | D        | Found the +4 dragonskin cloak
  2706 | D        | Noticed Tiamat
  2843 | D        | Noticed a deep elf annihilator
  2874 | D        | Killed a deep elf annihilator
  2917 | D        | Noticed a mummy priest
  2920 | D        | Killed a mummy priest
  2953 | D        | Identified the ring "Ottenk" {rN+ rCorr Int+6 Dex-3 Slay+2}
  3120 | D        | Bought a puce potion for 35 gold pieces
  3130 | D        | Bought a scroll of blinking for 90 gold pieces
  3130 | D        | Bought a scroll of enchant weapon for 90 gold pieces
  3130 | D        | Bought a scroll of enchant weapon for 90 gold pieces
  3130 | D        | Bought a scroll of blinking for 90 gold pieces
  3130 | D        | Bought a scroll of blinking for 90 gold pieces
  3130 | D        | Bought a scroll of identify for 24 gold pieces
  3165 | D        | Bought a pink potion for 18 gold pieces
  3165 | D        | Bought a wand of polymorph (5) for 147 gold pieces
  3165 | D        | Bought a scroll of identify for 42 gold pieces
  3165 | D        | Bought a diamond ring for 105 gold pieces
  3165 | D        | Bought a wand of roots (3) for 151 gold pieces
  3237 | D        | Bought a scroll of torment for 114 gold pieces
  3252 | D        | Bought 2 scrolls of vulnerability for 96 gold pieces
  3271 | D        | Bought a scroll of poison for 48 gold pieces
  3350 | D        | Bought a potion of flight for 39 gold pieces
  3465 | D        | Noticed the 27-headed Lernaean hydra
  3469 | D        | Killed the 27-headed Lernaean hydra
  3470 | D        | Reached skill level 15 in Short Blades
  3470 | D        | Reached XP level 13. HP: 74/74 MP: 14/14
  3621 | D        | Noticed Lom Lobon
  3622 | D        | Identified the +0 falchion of Exhibitionism {flame, Int+2}
  3628 | D        | Identified the ring of the Frog {Ice Will++ Dex+2}
  3628 | D        | Noticed a deep elf master archer
  3631 | D        | Killed a deep elf master archer
  3657 | D        | Killed from afar by Lom Lobon

Illustrated notes

Levels and vault maps discovered:
D:        dungeon_sprint_1 [red_sonja_temple_1, red_sonja_temple_small_1]

Skill      XL: |  1  2  3  4  5  6  7  8  9 10 11 12 13 |
---------------+----------------------------------------+-----
Stealth        | 9 14 18 25 27 | 27.0
Fighting       | 3 5 7 10 11 | 11.8
Short Blades   | 5 7 10 12 15 | 15.0
Evocations     | 7 12 16 20 23 | 23.7
Dodging        | 7 10 14 16 17 | 17.0

Action                     |  1- 3 |  4- 6 |  7- 9 | 10-12 | 13-15 || total
---------------------------+-------+-------+-------+-------+-------++-------
  Melee: Dagger            |     1 |     4 |    42 |     9 |       ||    56
         Punch             |       |       |     1 |     4 |       ||     5
         Rapier            |       |       |       |   181 |       ||   181
 Invoke: Call Merchant     |       |       |       |     3 |       ||     3
  Evoke: Wand              |     3 |       |       |    38 |     4 ||    45
         Phantom mirror    |       |       |       |     2 |     1 ||     3
         Lightning rod     |       |       |       |       |     5 ||     5
         Tin of tremorston |       |       |       |       |     1 ||     1
    Use: Scroll            |       |       |       |    18 |       ||    18
         Potion            |       |       |       |    12 |    11 ||    23
   Stab: Sleeping          |     1 |     4 |     8 |    23 |       ||    36
         Paralysed         |       |       |       |     4 |       ||     4
         Distracted        |       |       |       |     3 |       ||     3
 Armour: Robe              |       |       |       |     2 |       ||     2
  Dodge: Dodged            |       |       |       |   161 |     1 ||   162
